 Dungeon Crawl Stone Soup version 0.25-a0-869-g05d4e06a41 (webtiles) character file.

Game seed: 1046082459794741988, levelgen mode: deterministic

1278 Conn the Thaumaturge (level 8, -6/43 HPs)
             Began as a Deep Elf Wizard on May 1, 2020.
             Shot with an arrow by a centaur (15 damage)
             ... on level 6 of the Dungeon.
             The game lasted 00:28:20 (5519 turns).

Conn the Thaumaturge (Deep Elf Wizard)              Turns: 5519, Time: 00:28:21

Health: -6/43      AC:  6    Str:  7    XL:     8   Next: 29%
Magic:  20/22      EV: 13    Int: 26    God:
Gold:   310        SH:  0    Dex: 15    Spells: 12/23 levels left

rFire    + + .     SeeInvis .   B - +7 dagger "Muthriq" {flame, Fragile rC++ rN+++ Stlth-}
rCold    + + .     Gourm    .   (no shield)
rNeg     + + +     Faith    .   E - +0 robe {rF+}
rPois    .         Spirit   .   b - +2 hat
rElec    .         Reflect  .   (no cloak)
rCorr    .         Harm     .   (no gloves)
MR       +....                  (no boots)
Stlth    ..........             x - amulet of the acrobat
HPRegen  0.14/turn              y - ring of protection from magic
MPRegen  0.18/turn              n - +3 ring of strength

@: confused, lethally poisoned (-6 -> -7), very slightly contaminated, hasted,
studying Maces & Flails, invisible, very quick
A: yellow scales 1, agile 1, blurry vision 1, fire resistance 1
a: no special abilities


You were on level 6 of the Dungeon.
You were not hungry.

You visited 1 branch of the dungeon, and saw 6 of its levels.

You collected 310 gold pieces.

Inventory:

Hand Weapons
 l - a +1 short sword
 B - the +7 dagger "Muthriq" (weapon) {flame, Fragile rC++ rN+++ Stlth-}
   (You took it off an orc on level 4 of the Dungeon)

   It has been specially enchanted to burn those struck by it, causing extra
   injury to most foes and up to half again as much damage against particularly
   susceptible opponents.
   It greatly protects you from cold.
   It renders you almost immune to negative energy.
   It will be destroyed if unequipped.
   It makes you less stealthy.
Missiles
 j - 8 atropa-tipped darts (quivered)
Armour
 a - a +0 robe
 b - a +2 hat (worn)
 E - a +0 robe of fire resistance (worn)
Jewellery
 c - an uncursed amulet of harm
 n - a +3 ring of strength (right hand)
 r - an uncursed ring of stealth
 v - an uncursed amulet of faith
 x - an amulet of the acrobat (around neck)
 y - a ring of protection from magic (left hand)
 C - an uncursed ring of protection from magic
 G - an uncursed amulet of the gourmand
Scrolls
 f - a scroll of magic mapping {unknown}
 g - 4 scrolls of identify
 i - 3 scrolls of enchant armour
 k - a scroll of fear
 m - 3 scrolls of remove curse
 s - a scroll of teleportation
 t - 2 scrolls of amnesia
 w - a scroll of immolation
Potions
 e - 2 potions of brilliance
 h - a potion of mutation
 p - a potion of berserk rage
 A - a potion of magic
Books
 o - a manual of Maces & Flails
Comestibles
 d - 6 rations
 q - 2 chunks of flesh


   Skills:
 + Level 1.0 Fighting
 + Level 2.3 Short Blades
 + Level 0.2 Throwing
 + Level 3.3 Dodging
 + Level 3.6 Stealth
 + Level 8.3 Spellcasting
 * Level 4.1 Conjurations
 + Level 2.9 Summonings
 * Level 3.5 Translocations
 * Level 2.4 Fire Magic
 * Level 2.4 Air Magic
 * Level 2.6 Poison Magic


You had 12 spell levels left.
You knew the following spells:

 Your Spells              Type           Power        Failure   Level  Hunger
a - Magic Dart            Conj           ####         1%          1    None
b - Blink                 Tloc           N/A          1%          2    None
c - Call Imp              Summ           ####....     2%          2    None
d - Conjure Flame         Conj/Fire      ####....     4%          3    None
e - Mephitic Cloud        Conj/Pois/Air  ####....     4%          3    None

Your spell library contained the following spells:

 Spells                   Type           Power        Failure   Level  Hunger
 Slow                     Hex            ##......     9%          2    None


Dungeon Overview and Level Annotations

Branches:
Dungeon (6/15)
 Temple: D:4-7

Altars:
Cheibriados


Innate Abilities, Weirdness & Mutations

You are partially covered in yellow scales. (AC +2)
You are agile. (Dex +2)
Scrolls take you a little longer to read.
Your flesh is heat resistant. (rF+)


Message History

The worker ant appears confused.
The worker ant bites you.
* * * LOW HITPOINT WARNING * * *
It was a potion of invisibility.
You fade into invisibility!
You choke on the stench!
You are more confused.
* * * LOW HITPOINT WARNING * * *
The worker ant closely misses you.
The centaur shoots an arrow.
The arrow hits the worker ant but does no damage.
You are very lightly contaminated with residual magic.
Unknown command.
You bump into the rock wall.
The centaur shoots an arrow.
The arrow misses you.
Unknown command.
You bump into the rock wall.
The centaur shoots an arrow.
The arrow misses you.
The worker ant bites the centaur.
The centaur shoots an arrow.
The arrow closely misses you.
Unknown command.
You feel yourself speed up.
You feel sick.
The centaur shoots an arrow.
The arrow hits you!
You die...

#.# ####.##.# #.#
#.# #.##.# #.#
#.###############.
#.# ...
#..........(..(#
#.#
##############.#
#.. #.# ### #.#
#.# #@# #
###(##.#####
#..c(.......
#.#a#...####
#.#.#...# #
#.#..## ..#(..
..#.### ...#.#


You could see a centaur and a worker ant (confused).

Vanquished Creatures
  An orc warrior (D:5)
  2 sky beasts
  A phantom (D:6)
  A black bear (D:6)
  An ogre (D:5)
  The ghost of Duffy the Firebug, an amateur NaFE (D:4)
  A big kobold (D:5)
  A crocodile (D:5)
  A scorpion (D:4)
  A centaur zombie (D:5)
  A bullfrog zombie (D:5)
  3 orc wizards
  4 worker ants
  An iguana (D:5)
  A howler monkey zombie (D:5)
  A gnoll (D:5)
  7 adders
  2 oozes
  2 worms
  A dart slug (D:1)
  3 leopard geckos
  10 orcs
  2 giant cockroaches
  8 goblins
  15 hobgoblins
  5 jackals
  6 kobolds
  3 quokkas
  3 ball pythons (D:1)
  6 bats
  2 frilled lizards
  A jackal zombie (D:5)
  2 leopard gecko skeletons
  2 leopard gecko zombies (D:5)
  4 rats
106 creatures vanquished.

Vanquished Creatures (collateral kills)
  A howler monkey (D:4)
  2 bullfrog skeletons (D:4)
  A worker ant (D:4)
  A hound skeleton (D:4)
  2 adders
  An adder skeleton (D:4)
  4 orcs
  A ball python (D:3)
  A quokka (D:3)
  A frilled lizard (D:3)
15 creatures vanquished.

Vanquished Creatures (others)
  An orc (D:4)
1 creature vanquished.

Grand Total: 122 creatures vanquished

Notes
Turn   | Place    | Note
-------+----------+-------------------------------------------
     0 | D:1      | Conn the Deep Elf Wizard began the quest for the Orb.
     0 | D:1      | Reached XP level 1. HP: 10/10 MP: 7/7
   350 | D:1      | Reached skill level 5 in Spellcasting
   350 | D:1      | Reached XP level 2. HP: 15/15 MP: 0/10
   452 | D:1      | Learned a level 2 spell: Blink
   455 | D:1      | Learned a level 2 spell: Call Imp
   562 | D:1      | Found a snail-covered altar of Cheibriados.
   776 | D:1      | Reached XP level 3. HP: 19/19 MP: 6/12
  1419 | D:2      | Reached skill level 6 in Spellcasting
  1802 | D:3      | Reached XP level 4. HP: 23/24 MP: 1/14
  2481 | D:3      | Noticed a sky beast
  2499 | D:3      | Killed a sky beast
  2499 | D:3      | Reached XP level 5. HP: 24/28 MP: 6/16
  2868 | D:4      | Reached skill level 7 in Spellcasting
  2883 | D:3      | Gained mutation: You are frail. (-10% HP) [potion of
                  | mutation]
  2883 | D:3      | Gained mutation: Scrolls take you a little longer to read.
                  | [potion of mutation]
  2883 | D:3      | Gained mutation: You are agile. (Dex +2) [potion of
                  | mutation]
  3174 | D:4      | Learned a level 3 spell: Conjure Flame
  3178 | D:4      | Learned a level 3 spell: Mephitic Cloud
  3206 | D:4      | Identified the +7 dagger "Muthriq" {flame, Fragile rC++
                  | rN+++ Stlth-}
  3221 | D:4      | Reached XP level 6. HP: 15/29 MP: 1/18
  3223 | D:4      | Found a runed translucent gate.
  3224 | D:4      | Found a runed translucent gate.
  3225 | D:4      | Found a runed translucent gate.
  3226 | D:4      | Noticed Duffy's ghost (amateur NaFE)
  3279 | D:3      | Reached skill level 1 in Poison Magic
  3870 | D:4      | Lost mutation: You are frail. (-10% HP) [potion of
                  | mutation]
  3870 | D:4      | Lost mutation: Scrolls take you a little longer to read.
                  | [potion of mutation]
  3870 | D:4      | Gained mutation: Scrolls take you a little longer to read.
                  | [potion of mutation]
  3870 | D:4      | Gained mutation: Your flesh is heat resistant. (rF+)
                  | [potion of mutation]
  3870 | D:4      | Gained mutation: You are partially covered in yellow
                  | scales. (AC +2) [potion of mutation]
  4030 | D:4      | Killed Duffy's ghost
  4152 | D:5      | Entered Level 5 of the Dungeon
  4156 | D:5      | Noticed a sky beast
  4192 | D:3      | Reached skill level 1 in Air Magic
  4497 | D:5      | Reached skill level 1 in Fire Magic
  4497 | D:5      | Reached XP level 7. HP: 37/37 MP: 15/20
  4749 | D:5      | Reached skill level 1 in Short Blades
  4749 | D:5      | Reached skill level 8 in Spellcasting
  5231 | D:5      | Reached XP level 8. HP: 26/42 MP: 15/22
  5447 | D:6      | Reached skill level 1 in Fighting
  5519 | D:6      | Shot with an arrow by a centaur

Levels and vault maps discovered:
D:1:      wander_arrival_lonely_grave, layout_basic, cheibriados_altar_1
D:2:      cheibrodos_old_hovel, layout_rooms, minmay_misc_feat_diagonals,
          minivault_14, minmay_ruptured
D:3:      layout_rooms
D:4:      layout_cave_pools, gammafunk_ghost_necromancy
D:5:      layout_basic, first_ration, minmay_manual_moon
D:6:      layout_loops_ring, nicolae_gozag_seed_capital,
          minmay_temple_entry_hall

Skill      XL: |  1  2  3  4  5  6  7  8 |
---------------+-------------------------+-----
Spellcasting   | 5 6 7 8 |  8.3
Conjurations   | 2 3 4 |  4.1
Summonings     | 2 |  2.9
Poison Magic   | 1 2 |  2.6
Stealth        | 3 |  3.6
Air Magic      | 1 2 |  2.4
Fire Magic     | 1 2 |  2.4
Translocations | 3 |  3.5
Short Blades   | 2 |  2.3
Dodging        | 3 |  3.3
Fighting       | 1 |  1.0
Throwing       | |  0.2

Action                   |  1- 3 |  4- 6 |  7- 9 || total
-------------------------+-------+-------+-------++-------
Melee: Unarmed           |    12 |       |       ||    12
       Short sword       |    15 |    17 |       ||    32
       Dagger            |       |    31 |    78 ||   109
Throw: Dart              |       |       |     3 ||     3
 Cast: Magic Dart        |   118 |   105 |    54 ||   277
       Call Imp          |     4 |    24 |     1 ||    29
       Blink             |     1 |     5 |     3 ||     9
       Mephitic Cloud    |       |     7 |    10 ||    17
       Conjure Flame     |       |     1 |     3 ||     4
  Use: Potion            |       |     6 |     4 ||    10
       Scroll            |       |     6 |     5 ||    11
 Stab: Confused          |       |     2 |     3 ||     5
       Sleeping          |       |       |     1 ||     1
  Eat: Chunk             |     2 |     6 |     3 ||    11
       Ration            |       |     1 |       ||     1
Armor: Robe              |     7 |    22 |     9 ||    38
Dodge: Dodged            |    45 |    77 |    52 ||   174

Table legend:
 A = Non-vault XP
 B = Vault XP
 C = Vault XP percentage of total XP
 D = Non-vault monster count
 E = Vault monster count
 F = Vault count percentage of total count
                 A         B        C        D         E       F
            +---------+---------+-------+---------+---------+-------
      Total |    1173 |     653 |  35.8 |     105 |      16 |  13.2
            +---------+---------+-------+---------+---------+-------
        D:1 |      52 |       0 |   0.0 |      25 |       0 |   0.0
        D:2 |      20 |      11 |  35.5 |      11 |       5 |  31.2
        D:3 |     242 |       0 |   0.0 |      29 |       0 |   0.0
        D:4 |     244 |     148 |  37.8 |      16 |       4 |  20.0
        D:5 |     334 |     494 |  59.7 |      19 |       7 |  26.9
        D:6 |     281 |       0 |   0.0 |       5 |       0 |   0.0
            +---------+---------+-------+---------+---------+-------
